 Dungeon Crawl Stone Soup version 0.24-a0-271-ga0fc33f724 (webtiles) character file.

Game seed: 17340576818108078889

115 Redear the Skirmisher (level 4, -5/36 HPs)
             Began as a Mummy Fighter on Apr 24, 2019.
             Killed from afar by an orc wizard (15 damage)
             ... with a puff of flame
             ... on level 3 of the Dungeon.
             The game lasted 00:03:13 (2268 turns).

Redear the Skirmisher (Mummy Fighter)               Turns: 2268, Time: 00:03:13

Health: -5/36      AC:  7    Str: 20    XL:     4   Next: 68%
Magic:  4/4        EV: 10    Int:  7    God:
Gold:   116        SH:  0    Dex: 11    Spells: 3/3 levels left

rFire    x . .     SeeInvis .   a - +0 war axe
rCold    + . .     Gourm    .   (no shield)
rNeg     + + +     Faith    .   b - +0 scale mail
rPois    ∞         Spirit   .   g - +1 hat
rElec    .         Reflect  .   (no cloak)
rCorr    .         Harm     .   (no gloves)
MR       .....                  (no boots)
Stlth    ..........             (no amulet)
HPRegen  0.12/turn              (no ring)
MPRegen  0.09/turn              (no ring)

@: confused
A: no food or potions, fire vulnerability, cold resistance 1, negative energy
resistance 3, torment resistance, unbreathing
a: no special abilities


You were on level 3 of the Dungeon.
You were not hungry.

You visited 1 branch of the dungeon, and saw 3 of its levels.

You collected 116 gold pieces.

Inventory:

Hand Weapons
 a - a +0 war axe (weapon)
Armour
 b - a +0 scale mail (worn)
 c - a +0 shield
 g - a +1 hat (worn)
Jewellery
 f - an uncursed ring of protection from fire {rF+}
 i - an uncursed ring of wizardry {unknown}
Scrolls
 d - 4 scrolls of identify {unknown}
 e - a scroll of enchant weapon {unknown}
 h - 3 scrolls of remove curse {unknown}
 j - a scroll of teleportation {unknown}


   Skills:
 + Level 3.6 Fighting
 + Level 2.2 Axes
 + Level 2.9 Armour
 + Level 1.3 Dodging
 + Level 3.0 Shields


You had 3 spell levels left.
You didn't know any spells.
Your spell library was empty.

Dungeon Overview and Level Annotations

Branches:
Dungeon (3/15)

Altars:
Qazlal


Innate Abilities, Weirdness & Mutations

You do not eat or drink.
Your flesh is vulnerable to fire.
You are immune to poison.
Your flesh is cold resistant. (rC+)
You are immune to negative energy. (rN+++)
You are immune to unholy pain and torment.
You can survive without breathing.


Message History

You take 6 damage, and have 19/36 hp.
Unknown command.
Unknown command.
Unknown command.
You're too confused to move!
Something hits you but does no damage.
The orc hits you from afar with a +0 trident.
You take 2 damage, and have 17/36 hp.
You bump into the rock wall.
Something hits you but does no damage. The orc closely misses you.
You bump into the rock wall.
Something hits you.
The orc hits you from afar with a +0 trident.
* * * LOW HITPOINT WARNING * * *
You take 7 damage, and have 10/36 hp.
Unknown command.
Unknown command.
You bump into the rock wall.
You hear some strange, mumbled words.
A puff of flame appears from out of thin air!
The puff of flame hits you! The fire burns you terribly!
You die...

### #.# ######
#.# ....... ##.#
####### #..# #
#.## #
#.####.#########
#
#......†...)...#
#
....###.#.#####.#
# #.
#.#@#####.#.# #
#.#..o.o....# #
#.#######.### #.#
..# ..


You could see 2 orcs.

Vanquished Creatures
  4 adders
  An ooze (D:2)
  A worm (D:2)
  A dart slug (D:3)
  7 leopard geckos
  2 orcs (D:3)
  A ball python (D:3)
  2 giant cockroaches (D:2)
  5 goblins
  7 hobgoblins
  3 jackals (D:1)
  4 bats
  4 frilled lizards
  A giant cockroach zombie (D:2)
  6 kobolds
  17 rats
66 creatures vanquished.

Notes
Turn   | Place    | Note
-------+----------+-------------------------------------------
     0 | D:1      | Redear the Mummy Fighter began the quest for the Orb.
     0 | D:1      | Reached XP level 1. HP: 18/18 MP: 1/1
    38 | D:1      | Reached XP level 2. HP: 20/24 MP: 2/2
  1141 | D:2      | Reached XP level 3. HP: 29/29 MP: 3/3
  1175 | D:2      | Reached skill level 2 in Axes
  1433 | D:2      | Reached skill level 1 in Dodging
  1759 | D:2      | Reached XP level 4. HP: 35/35 MP: 4/4
  1969 | D:3      | Found a stormy altar of Qazlal.
  1970 | D:3      | Noticed an air elemental
  1974 | D:3      | Noticed a fire elemental
  1974 | D:3      | Noticed a water elemental
  1974 | D:3      | Noticed an earth elemental
  2242 | D:3      | Reached skill level 3 in Shields
  2268 | D:3      | Killed from afar by an orc wizard

Levels and vault maps discovered:
D:1:      saegor_arrival_under_anarchy, layout_basic,
          chequers_serial_rivers_small_b, minmay_rat_gold_closets
D:2:      layout_basic
D:3:      layout_loops_ring, nicolae_qazlal_style_of_elements

Skill      XL: |  1  2  3  4 |
---------------+-------------+-----
Axes           | 2 |  2.2
Dodging        | 1 |  1.3
Shields        | 3 |  3.0
Fighting       | |  3.6
Armour         | |  2.9

Action                   |  1- 3 |  4- 6 || total
-------------------------+-------+-------++-------
Melee: War axe           |   178 |    68 ||   246
Armor: Scale mail        |    98 |    44 ||   142
Dodge: Dodged            |    80 |    53 ||   133
Block: Shield            |    56 |       ||    56

Table legend:
 A = Non-vault XP
 B = Vault XP
 C = Vault XP percentage of total XP
 D = Non-vault monster count
 E = Vault monster count
 F = Vault count percentage of total count
                 A         B        C        D         E       F
            +---------+---------+-------+---------+---------+-------
      Total |     157 |       8 |   4.8 |      58 |       8 |  12.1
            +---------+---------+-------+---------+---------+-------
        D:1 |      27 |       8 |  22.9 |      16 |       8 |  33.3
        D:2 |      91 |       0 |   0.0 |      30 |       0 |   0.0
        D:3 |      39 |       0 |   0.0 |      12 |       0 |   0.0
            +---------+---------+-------+---------+---------+-------
